 Dungeon Crawl Stone Soup version 0.18.1-50-g88ac8fd (console) character file.

627 Kloppie the Poker (level 7, -16/57 HPs)
             Began as a Merfolk Berserker on Oct 5, 2016.
             Was a Believer of Trog.
             Killed from afar by Drunkenshrew's ghost (26 damage)
             ... with a bolt of negative energy
             ... in an ossuary.
             The game lasted 00:04:36 (2950 turns).

Kloppie the Poker (Merfolk Berserker)               Turns: 2950, Time: 00:04:37

Health: -16/57     AC:  6    Str: 17    XL:     7   Next: 47%
Magic:  7/7        EV: 14    Int:  7    God:    Trog [**....]
Gold:   174        SH:  0    Dex: 15    Spells: 0 memorised, 6 levels left

rFire  + . .     SeeInvis .     a - +0 trident
rCold  . . .     Gourm    .     d - +1 ring mail {rF+}
rNeg   . . .     Faith    .     (no shield)
rPois  .         Spirit   .     (no helmet)
rElec  .         Dismiss  .     (no cloak)
rCorr  .         Reflect  .     (no gloves)
SustAt .         Harm     .     (no boots)
MR     ++...                    (no amulet)
Stlth  +.........               (no ring)
                                (no ring)

@: exhausted, regenerating, slowed, drained, very slow, very resistant to
hostile enchantments, very unstealthy
A: change form in water, swift swim
a: Berserk, Trog's Hand, Burn Spellbooks, Renounce Religion


You were in an ossuary.
You worshipped Trog.
Trog was pleased with you.
You were very hungry.

You visited 1 branch of the dungeon, and saw 4 of its levels.
You also visited: Ossuary.

You collected 174 gold pieces.

Inventory:

Hand Weapons
 a - a +0 trident (weapon)
 y - a +0 spear
Armour
 d - a +1 ring mail of fire resistance (worn)
Jewellery
 o - an uncursed ring of poison resistance {unknown}
 q - an uncursed ring of poison resistance {unknown}
Wands
 w - a wand of disintegration (14/24)
Scrolls
 b - a scroll of enchant armour {unknown}
 e - 2 scrolls of remove curse {unknown}
 g - 2 scrolls of fear {unknown}
 m - a scroll of magic mapping {unknown}
 n - a scroll of noise {unknown}
 r - a scroll of random uselessness {unknown}
 s - 2 scrolls of teleportation {unknown}
 v - 2 scrolls of identify {unknown}
 x - a scroll of blinking {unknown}
 C - a scroll of recharging {unknown}
Potions
 f - 3 potions of lignification {unknown}
 h - a potion of heal wounds {unknown}
 i - a potion of curing {unknown}
 k - a potion of mutation {unknown}
 l - a potion of cancellation {unknown}
 p - a potion of berserk rage {unknown}
 u - a potion of haste {unknown}
Books
 A - a book of Callings

   Spells                             Type                      Level
   a - Summon Small Mammal            Summoning                    1
   b - Call Imp                       Summoning                    2
   c - Call Canine Familiar           Summoning                    3
   d - Summon Guardian Golem          Hexes/Summoning              3
   e - Summon Lightning Spire         Summoning/Air                4
   f - Summon Ice Beast               Ice/Summoning                4
   Trog disapproves of the use of such an item.
Comestibles
 c - a bread ration
 j - 4 fruits
 t - a meat ration
 z - a royal jelly


   Skills:
 + Level 5.8(5.2) Fighting
 + Level 7.6(7.0) Polearms
 - Level 1.3(0.8) Armour
 + Level 6.8(6.2) Dodging


You had 6 spell levels left.
You didn't know any spells.

Dungeon Overview and Level Annotations

Branches:
Dungeon (4/15)             Temple (0/1) D:4

Altars:
Cheibriados
Okawaru
Qazlal
Ru

Annotations:
Ossuary Drunkenshrew's ghost, novice DrTm


Message History

The human zombie misses you. The jackal zombie barely misses you.
The human zombie misses you. The gnoll zombie closely misses you.
The jackal zombie completely misses you.
The orc zombie barely misses you.
A mummy comes into view.
Your skin crawls.
You feel resistant to hostile enchantments.
You feel slightly more hungry.
The jackal zombie bites you but does no damage.
The gnoll zombie hits you.
* * * LOW HITPOINT WARNING * * *
The jackal zombie bites you but does no damage.
The orc zombie hits you but does no damage.
The jackal zombie barely misses you.
Drunkenshrew's ghost breathes negative energy at you.
The bolt of negative energy hits the gnoll zombie.
The gnoll zombie completely resists.
The bolt of negative energy hits you!
You feel drained.
You die...

...................
....................
....................
...................#
........∩..........#
........∩W.........#
...........Z........
...........ZZ.......
#.........ZZ@...##.
#...............#
................M...
....................
....#####.........
... ..........
..........
###########


You could see a mummy, Drunkenshrew's ghost, a jackal zombie, a gnoll zombie, a
big kobold zombie, an orc zombie and a human zombie.

Vanquished Creatures
  Grinder (D:4)
  The ghost of Tasticka the Covert, an amateur OpAs (D:3)
  An elf zombie (Ossuary)
  A scorpion (D:4)
  An orc priest (D:4)
  An orc wizard (D:4)
  A mummy (D:4)
  2 oozes (D:2)
  An adder zombie (Ossuary)
  3 worms
  2 dart slugs (D:2)
  4 giant geckos
  6 orcs (D:4)
  2 ball pythons
  4 giant cockroaches
  7 hobgoblins
  10 jackals
  2 quokkas
  4 bats
  4 giant newts
  6 goblins
  A goblin zombie (Ossuary)
  2 jackal zombies (Ossuary)
  11 kobolds
  A kobold zombie (Ossuary)
  An orc zombie (Ossuary)
  A quokka skeleton (D:4)
  5 rats
86 creatures vanquished.

Notes
Turn   | Place    | Note
--------------------------------------------------------------
     0 | D:1      | Kloppie the Merfolk Berserker began the quest for the Orb.
     0 | D:1      | Reached XP level 1. HP: 18/18 MP: 1/1
   124 | D:1      | Reached XP level 2. HP: 24/24 MP: 2/2
   697 | D:1      | Reached XP level 3. HP: 29/29 MP: 3/3
   846 | D:1      | Reached ** piety under Trog
  1001 | D:2      | Reached skill level 5 in Polearms
  1339 | D:2      | Reached XP level 4. HP: 17/37 MP: 4/4
  1975 | D:3      | Noticed Tasticka's ghost (amateur OpAs)
  1986 | D:3      | Killed Tasticka's ghost
  1986 | D:3      | Reached skill level 6 in Polearms
  1986 | D:3      | Reached skill level 5 in Dodging
  1986 | D:3      | Reached XP level 5. HP: 43/43 MP: 5/5
  2130 | D:3      | Found an iron altar of Okawaru.
  2130 | D:3      | Found a sacrificial altar of Ru.
  2414 | D:4      | Found a snail-covered altar of Cheibriados.
  2488 | D:4      | Found a staircase to the Ecumenical Temple.
  2586 | D:4      | Reached *** piety under Trog
  2591 | D:4      | Reached XP level 6. HP: 42/50 MP: 6/6
  2698 | D:4      | Noticed Grinder
  2717 | D:4      | Killed Grinder
  2717 | D:4      | Reached skill level 5 in Fighting
  2717 | D:4      | Reached skill level 7 in Polearms
  2717 | D:4      | Reached XP level 7. HP: 39/56 MP: 7/7
  2731 | D:4      | Found a stormy altar of Qazlal.
  2897 | D:4      | Found a sand-covered staircase.
  2912 | Ossuary  | Entered an ossuary
  2943 | Ossuary  | Noticed Drunkenshrew's ghost (novice DrTm)
  2950 | Ossuary  | Killed from afar by Drunkenshrew's ghost

Skill      XL: |  1  2  3  4  5  6 |
---------------+-------------------+-----
Dodging        | 3 4 5 6 |  6.8
Polearms       | 5 6 7 |  7.6
Fighting       | 4 5 |  5.8
Armour         | |  1.3

Action                   |  1- 3 |  4- 6 |  7- 9 || total
-------------------------+-------+-------+-------++-------
Melee: Spear             |   175 |   128 |       ||   303
       Trident           |       |    26 |    55 ||    81
Invok: Berserk           |     2 |     2 |     1 ||     5
       Trog's Hand       |       |     1 |     2 ||     3
 Stab: Sleeping          |     5 |       |       ||     5
  Eat: Chunk             |     2 |     8 |     1 ||    11
Armor: Animal skin       |     8 |       |       ||     8
       Ring mail         |    38 |    21 |    40 ||    99
Dodge: Dodged            |   111 |    47 |    87 ||   245
